 Dungeon Crawl Stone Soup version 0.17.1-3-g152610e (webtiles) character file.

200 Melyas the Chiller (level 5, -1/41 HPs)
             Began as a Draconian Ice Elementalist on Mar 1, 2016.
             Slain by a gnoll shaman
             ... wielding a +0 whip
              (3 damage)
             ... on level 4 of the Dungeon.
             The game lasted 00:42:38 (4938 turns).

Melyas the Chiller (Draconian Ice Elementalist)     Turns: 4938, Time: 00:42:38

Health: -1/41      AC:  5    Str: 11    XL:     5   Next: 48%
Magic:  7/9        EV: 12    Int: 16    God:
Gold:   155        SH:  0    Dex: 11    Spells: 3 memorised, 3 levels left

rFire  . . .     SeeInvis .     c - +0 short sword (venom)
rCold  . . .     Clarity  +     (armour unavailable)
rNeg   . . .     SustAt   .     (no shield)
rPois  .         Gourm    .     (helmet restricted)
rElec  .         Spirit   .     (no cloak)
rCorr  .         Warding  .     (no gloves)
rMut   .         Stasis   .     (no boots)
MR     .....                    w - amulet of clarity
Stlth  ++........               (no ring)
                                (no ring)

@: very slightly contaminated, not resistant to hostile enchantments, unstealthy
A: unfitting armour, cold-blooded, AC +5
a: no special abilities


You were on level 4 of the Dungeon.
You were not hungry.

You visited 1 branch of the dungeon, and saw 4 of its levels.

You collected 155 gold pieces.

Inventory:

Hand Weapons
 c - a +0 short sword of venom (weapon)
 h - a +0 flail of holy wrath
 n - a +1 war axe
Missiles
 k - 6 curare-tipped needles
 m - 44 bolts (quivered)
 o - 18 arrows of flame
 t - 18 arrows of frost
 v - 18 poisoned needles
Jewellery
 w - an amulet of clarity (around neck)
Scrolls
 r - a scroll of noise
 y - a scroll of enchant weapon
Potions
 d - a potion of magic {unknown}
 e - 4 potions of curing
 f - 2 potions of heal wounds {unknown}
 j - a potion of haste
 l - 3 potions of mutation {unknown}
 p - a potion of might {unknown}
 z - a potion of flight {unknown}
Books
 a - a book of Frost

   Spells                             Type                      Level
   a - Freeze                         Ice                          1
   b - Throw Frost                    Conjuration/Ice              2
   c - Ozocubu's Armour               Charms/Ice                   3
   d - Throw Icicle                   Conjuration/Ice              4
   e - Summon Ice Beast               Ice/Summoning                4
   f - Condensation Shield            Ice                          4
 u - a book of the Warp

   Spells                             Type                      Level
   a - Recall                         Summoning/Translocation      3
   b - Gell's Gravitas                Hexes/Translocation          3
   c - Force Lance                    Conjuration/Translocation    4
   d - Phase Shift                    Translocation                5
   e - Warp Weapon                    Charms/Translocation         5
   f - Summon Forest                  Summoning/Translocation      5
Comestibles
 b - a bread ration
 g - a meat ration
 q - 4 fruits
 s - a beef jerky


   Skills:
 + Level 1.8 Fighting
 + Level 1.6 Short Blades
   Level 0.4(1.1) Long Blades
 + Level 3.0 Dodging
 + Level 2.2 Stealth
 + Level 2.6 Spellcasting
 + Level 1.2 Conjurations
 + Level 0.3 Charms
 + Level 3.8 Ice Magic


You had 3 spell levels left.
You knew the following spells:

 Your Spells              Type           Power        Failure   Level  Hunger
a - Freeze                Ice            ##..         4%          1    #......
b - Throw Frost           Conj/Ice       ##....       12%         2    ##.....
c - Ozocubu's Armour      Chrm/Ice       #.......     28%         3    ###....


Dungeon Overview and Level Annotations

Branches:
Dungeon (4/15)
 Temple: D:4-7

Altars:
Vehumet
Zin
The Shining One


Innate Abilities, Weirdness & Mutations

Your plain brown scales are hard (AC +5).
Your body does not fit into most forms of armour.
You are cold-blooded and may be slowed by cold attacks.


Message History

You kill the gnoll!
You hit the gnoll shaman.
The gnoll shaman is poisoned.
The gnoll shaman is lightly wounded.
The gnoll shaman closely misses you.
Casting: Freeze
Confirm with . or Enter, or press ? or * to list all spells.
Aiming: Throw Frost
Press: ? - help, Shift-Dir - straight line, f - gnoll
Aim: a gnoll, wielding a flail (moderately wounded)
The puff of frost hits the gnoll shaman.
The gnoll shaman is moderately wounded.
The gnoll shaman hits you with a whip.
* * * LOW HITPOINT WARNING * * *
You hit the gnoll shaman.
The gnoll shaman looks even sicker.
The gnoll shaman is moderately wounded.
The gnoll shaman completely misses you.
You hit the gnoll shaman.
The gnoll shaman looks even sicker.
The gnoll shaman is moderately wounded.
The gnoll shaman hits you with a whip.
You die...

########### #.........#
#...###.#.# #...###.#.#
###########
#.....).#.###.........#
#........gg@..#######.#
#.......#g##### #.#
#.........# ####.###
#.##.#.#### #.<....#
#.##§#§# #.#....#
#####.##§#g# #..###.#
#......§§§§# #..# #.#
##.#####§§### .
#..###.# .....#
#§§####.... #.#....#


You could see a gnoll shaman and 2 gnolls.

Vanquished Creatures
  An orc priest (D:3)
  An orc wizard (D:3)
  The ghost of Aarh the Chucker, a weakling KoHu (D:3)
  3 adders
  A gnoll (D:4)
  4 worms
  4 orcs (D:3)
  11 bats
  2 giant cockroaches (D:1)
  6 goblins
  7 hobgoblins
  A quokka (D:2)
  2 ball pythons
  5 giant newts
  7 jackals
  11 kobolds
  5 rats
72 creatures vanquished.

Notes
Turn   | Place    | Note
--------------------------------------------------------------
     0 | D:1      | Melyas the Draconian Ice Elementalist began the quest for the Orb.
     0 | D:1      | Reached XP level 1. HP: 14/14 MP: 3/3
   741 | D:1      | Reached XP level 2. HP: 20/20 MP: 5/5
  1576 | D:1      | Reached XP level 3. HP: 22/26 MP: 6/6
  2043 | D:2      | Found a radiant altar of Vehumet.
  2465 | D:2      | Reached skill level 1 in Fighting
  2583 | D:2      | Reached skill level 1 in Short Blades
  2757 | D:2      | Learned a level 2 spell: Throw Frost
  2763 | D:2      | Learned a level 3 spell: Ozocubu's Armour
  2784 | D:2      | Reached XP level 4. HP: 33/35 MP: 1/7
  2907 | D:2      | HP: 1/35 [worm (10)]
  3973 | D:3      | Found a faded altar to an unknown god.
  4077 | D:3      | Noticed Aarh's ghost (weakling KoHu)
  4099 | D:3      | Killed Aarh's ghost
  4349 | D:3      | Reached XP level 5. HP: 25/41 MP: 0/8
  4632 | D:3      | Found a glowing golden altar of the Shining One.
  4632 | D:3      | Found a glowing silver altar of Zin.
  4936 | D:4      | HP: 2/41 [gnoll shaman/whip (3)]
  4938 | D:4      | Slain by a gnoll shaman

Action                   |  1- 3 |  4- 6 || total
-------------------------+-------+-------++-------
Melee: Short sword       |   161 |    55 ||   216
       Unarmed           |    11 |       ||    11
       Club              |     3 |       ||     3
       Long sword        |       |    19 ||    19
       Flail             |       |     6 ||     6
 Cast: Freeze            |     2 |    11 ||    13
       Throw Frost       |     1 |     7 ||     8
       Ozocubu's Armour  |     1 |     4 ||     5
  Use: Scroll            |     9 |     6 ||    15
 Stab: Sleeping          |     1 |       ||     1
  Eat: Bread ration      |     1 |     1 ||     2
       Royal jelly       |     1 |       ||     1
       Chunk             |       |     2 ||     2
       Meat ration       |       |     1 ||     1
